AoeStats
← tabinoko

Black Forest

510098272Analyzed
4v4 RM · 2d ago on Sep 29, 2026· 72m 47s· 8 players
Game mode
Random Map
Map size
Large (8 player)
Population
200
Speed
Normal
Resources
Standard
Victory
Conquest
Starting age
Dark Age
Ending age
Imperial Age
RankedLock teamsTeams togetherTeam positionsShared explorationLock speedFull tech treeHidden civsTurbo modeCheats
Victory
Defeat
🇬🇧 Portuguese · United Kingdom
847
+14
🇦🇷 Byzantines · Argentina
824
+15
🇯🇵 Khmer · Japan
796
+17
🇦🇺 Celts · Australia
737
+20
🇲🇦 Aztecs · Morocco
870
-19
🇬🇧 Bulgarians · United Kingdom
828
-17
🇮🇹 Britons · Italy
823
-17
🇫🇷 Britons · France
716
-13
ISpillTheCoffee
0:28 Loom
13:44 Feudal Age
15:46 Town Watch
16:25 Double-Bit Axe
22:10 Castle Age
20:21 Horse Collar
22:32 Wheelbarrow
21:53 Gold Mining
21:54 Stone Mining
22:26 Forging
25:44 Stone Shaft Mining
25:36 Squires
26:02 Scale Barding Armor
26:32 Iron Casting
26:57 Gold Shaft Mining
26:27 Heavy Plow
26:50 Gambesons
29:47 Arson
30:25 Chain Barding Armor
30:05 Scale Mail Armor
29:58 Fletching
30:28 Bow Saw
31:06 Bloodlines
35:37 Imperial Age
34:29 Stirrups
34:40 Husbandry
35:57 Chain Mail Armor
36:59 Hand Cart
36:38 Capped Ram
38:18 Crop Rotation
38:20 Conscription
38:25 Caravan
39:06 Masonry
39:52 Elite Konnik
42:43 Blast Furnace
42:19 Plate Barding Armor
nyx
0:39 Loom
13:04 Feudal Age
19:24 Castle Age
21:34 Double-Bit Axe
26:25 Fishing Lines
30:47 Wheelbarrow
30:47 Scale Mail Armor
30:58 Forging
31:54 Squires
31:40 Arson
34:42 Imperial Age
32:43 Hand Cart
32:24 Horse Collar
35:57 Garland Wars
35:58 Conscription
35:34 Capped Ram
37:49 Chemistry
37:51 Siege Ram
39:34 Man-at-Arms
40:00 Gambesons
40:09 Gambesons
40:13 Long Swordsman
41:38 Iron Casting
41:18 Chain Mail Armor
41:02 Elite Jaguar Warrior
43:37 Heavy Plow
44:35 Onager
47:05 Siege Engineers
47:21 Ballistics
46:42 Treadmill Crane
46:30 Siege Onager
50:37 Two-Handed Swordsman
51:27 Champion
55:08 Fletching
55:18 Padded Archer Armor
55:11 Elite Skirmisher
57:06 Bow Saw
58:34 Atlatl
63:43 Plate Mail Armor
64:14 Blast Furnace
63:09 Bodkin Arrow
Lazy Red Panda
10:15 Feudal Age
10:46 Double-Bit Axe
10:43 Horse Collar
15:27 Wheelbarrow
19:26 Castle Age
18:19 Gold Mining
18:36 Padded Archer Armor
19:41 Stone Mining
20:26 Crossbowman
29:50 Heavy Plow
30:05 Bow Saw
33:04 Ballistics
33:04 Hand Cart
32:36 Town Watch
33:20 Caravan
33:31 Fletching
33:58 Leather Archer Armor
34:11 Bodkin Arrow
38:23 Imperial Age
37:49 Forging
37:40 Scale Mail Armor
37:47 Scale Barding Armor
37:59 Town Patrol
37:34 Pikeman
38:15 Squires
38:39 Arbalester
40:44 Chemistry
41:02 Two-Man Saw
42:55 Bracer
43:26 Ring Archer Armor
50:14 Murder Holes
50:58 Iron Casting
50:44 Chain Barding Armor
50:39 Chain Mail Armor
61:27 Halberdier
~Giulia~
0:28 Loom
10:48 Feudal Age
11:17 Double-Bit Axe
11:26 Town Watch
12:09 Horse Collar
14:43 Wheelbarrow
20:37 Castle Age
19:04 Fletching
19:12 Gold Mining
19:41 Stone Mining
20:39 Padded Archer Armor
21:26 Crossbowman
23:23 Bow Saw
23:14 Heavy Plow
26:45 Ballistics
26:23 Bodkin Arrow
28:16 Leather Archer Armor
34:49 Imperial Age
35:00 Imperial Age
32:55 Treadmill Crane
34:44 Masonry
35:01 Murder Holes
36:18 Gold Shaft Mining
36:00 Warwolf
36:22 Yeomen
40:29 Yeomen
41:07 Elite Longbowman
43:17 Conscription
45:11 Conscription
47:26 Bracer
47:56 Ring Archer Armor
48:27 Conscription
48:24 Pikeman
53:03 Forging
52:54 Scale Mail Armor
54:07 Two-Man Saw
56:50 Iron Casting
56:30 Chain Mail Armor
60:29 Siege Engineers
61:00 Plate Mail Armor
61:30 Blast Furnace
61:10 Elite Skirmisher
62:08 Squires
61:53 Gambesons
61:51 Halberdier
64:20 Hand Cart
Pro
6:52 Loom
11:08 Feudal Age
11:40 Double-Bit Axe
17:14 Castle Age
15:48 Horse Collar
16:45 Stone Mining
18:52 Wheelbarrow
24:04 Bow Saw
24:41 Stone Shaft Mining
23:59 Gold Mining
26:07 Heavy Plow
27:15 Gold Shaft Mining
26:47 Caravan
28:26 Scale Mail Armor
29:38 Chain Mail Armor
32:04 Imperial Age
30:03 Hand Cart
31:00 Pikeman
32:02 Forging
32:40 Ballistics
33:23 Plate Mail Armor
33:19 Conscription
32:24 Halberdier
33:40 Onager
33:43 Capped Ram
35:35 Furor Celtica
38:26 Chemistry
37:41 Siege Onager
39:34 Iron Casting
44:55 Siege Ram
51:49 Blast Furnace
50:57 Siege Engineers
51:05 Fortified Wall
51:11 Masonry
57:01 Elite Woad Raider
tabinoko
11:56 Feudal Age
13:14 Wheelbarrow
13:35 Double-Bit Axe
16:47 Horse Collar
17:33 Fishing Lines
23:42 Castle Age
22:12 Gold Mining
25:01 Gillnets
25:26 Caravan
26:25 Town Watch
27:06 Bow Saw
28:06 Hand Cart
27:52 Town Patrol
29:44 Gold Shaft Mining
29:00 Stone Mining
33:41 Imperial Age
30:57 Loom
34:30 Fortified Wall
34:23 Scale Mail Armor
34:24 Padded Archer Armor
34:14 Fletching
34:34 Forging
34:30 Scale Barding Armor
35:14 Stone Shaft Mining
34:53 Heavy Plow
36:46 Siege Engineers
36:37 Murder Holes
37:43 Chemistry
37:03 Ballistics
36:55 Masonry
37:24 Iron Casting
36:44 Bodkin Arrow
37:05 Leather Archer Armor
37:05 Chain Mail Armor
38:57 Conscription
39:25 Coinage
38:28 Elite Ballista Elephant
38:42 Elite Skirmisher
38:49 Light Cavalry
39:40 Bloodlines
39:30 Husbandry
40:57 Tusk Swords
43:03 Crop Rotation
43:52 Bracer
44:16 Chain Barding Armor
43:58 Hussar
46:25 Architecture
46:28 Ring Archer Armor
46:34 Plate Barding Armor
48:47 Heavy Scorpion
50:31 Blast Furnace
50:04 Banking
53:51 Cavalier
53:55 Elite Battle Elephant
56:12 Double Crossbow
66:21 Hoardings
65:16 Sappers
65:08 Heavy Cavalry Archer
66:14 Parthian Tactics
65:10 Crossbowman
65:27 Capped Ram
65:27 Onager
65:47 Demolition Ship
66:39 Heated Shot
66:40 Guard Tower
66:55 Siphons
67:01 Clinker Construction
67:02 Careening
67:06 Fervor
66:22 Siege Ram
67:58 Man-at-Arms
67:58 Pikeman
68:24 Arson
68:07 Arbalester
68:25 Long Swordsman
69:54 Keep
69:39 Carvel Hull
70:04 Redemption
69:54 Devotion
70:15 Sanctity
70:31 Theocracy
70:22 Illumination
70:01 Herbal Medicine
69:32 Two-Handed Swordsman
70:33 Halberdier
73:38 Faith
Brido1970
11:51 Feudal Age
12:18 Double-Bit Axe
18:08 Castle Age
17:03 Fletching
16:58 Horse Collar
19:23 Bow Saw
24:36 Heavy Plow
25:28 Loom
27:30 Wheelbarrow
28:18 Bodkin Arrow
30:01 Forging
31:06 Scale Barding Armor
34:34 Imperial Age
35:01 Iron Casting
35:02 Gold Mining
35:25 Masonry
36:31 Light Cavalry
37:23 Bloodlines
39:22 Conscription
42:26 Hand Cart
43:20 Bracer
44:46 Cavalier
46:22 Caravan
47:57 Husbandry
50:43 Blast Furnace
51:07 Ballistics
51:49 Murder Holes
52:45 Scale Mail Armor
52:46 Padded Archer Armor
52:54 Pikeman
55:01 Elite Skirmisher
61:19 Architecture
62:07 Chemistry
67:21 Chain Mail Armor
66:44 Man-at-Arms
67:41 Long Swordsman
68:41 Onager
72:27 Two-Handed Swordsman
JUSTICIA
10:24 Feudal Age
11:05 Horse Collar
11:14 Loom
12:09 Wheelbarrow
11:23 Double-Bit Axe
13:00 Horse Collar
20:28 Castle Age
18:47 Stone Mining
21:35 Bow Saw
22:31 Stone Shaft Mining
22:16 Forging
22:39 Heavy Plow
27:09 Gambesons
28:53 Murder Holes
29:28 Ballistics
34:01 Imperial Age
31:26 Fletching
32:13 Iron Casting
31:41 Scale Mail Armor
31:47 Scale Barding Armor
32:35 Hand Cart
34:08 Bodkin Arrow
34:14 Padded Archer Armor
35:57 Chemistry
35:32 Logistica
36:59 Guilds
41:15 Elite Varangian Guard
43:12 Arson
49:48 Pikeman
50:31 Squires
51:24 Chain Mail Armor
51:29 Chain Barding Armor
50:58 Halberdier
54:03 Plate Barding Armor
53:58 Plate Mail Armor
53:45 Leather Archer Armor
53:30 Bracer
59:08 Elite Skirmisher
64:58 Husbandry
65:03 Light Cavalry
70:34 Two-Man Saw
69:12 Hussar
Connection lost

Rejoining the realm…

Still unreachable

The connection could not be restored.

Session expired

The server has moved on; the page needs a fresh start.